 Dungeon Crawl Stone Soup version 0.23.0-3-gf3c87f2 (webtiles) character file.

Game seed: 9688173867592298707

4979 wolfsongas the Fighter (level 10, -1/100 HPs)
             Began as a Minotaur Fighter on Feb 21, 2019.
             Was a Believer of Makhleb.
             Slain by a hippogriff (4 damage)
             ... while petrified by a basilisk
             ... on level 9 of the Dungeon.
             The game lasted 00:13:56 (7949 turns).

wolfsongas the Fighter (Minotaur Fighter)           Turns: 7949, Time: 00:13:57

Health: -1/100     AC:  8    Str: 24    XL:     10   Next: 29%
Magic:  12/12      EV:  2    Int:  5    God:    Makhleb [**....]
Gold:   458        SH:  0    Dex: 10    Spells: 9/9 levels left

rFire    + . .     SeeInvis .   a - +0 war axe
rCold    x . .     Gourm    +   c - +1 shield
rNeg     + + +     Faith    .   b - +0 scale mail
rPois    ∞         Spirit   .   (helmet restricted)
rElec    .         Reflect  .   j - +0 cloak
rCorr    .         Harm     .   (no gloves)
MR       .....                  (no boots)
Stlth    ..........             i - amulet of the gourmand
HPRegen  0.26/turn              z - ring of poison resistance
MPRegen  0.13/turn              s - ring of fire

@: petrified
A: retaliatory headbutt, horns 2
a: Minor Destruction, Renounce Religion


You were on level 9 of the Dungeon.
You worshipped Makhleb.
Makhleb was pleased with you.
You were not hungry.

You visited 2 branches of the dungeon, and saw 10 of its levels.

You collected 458 gold pieces.

Inventory:

Hand Weapons
 a - a +0 war axe (weapon)
 w - a +0 battleaxe
Armour
 b - a +0 scale mail (worn)
 c - a +1 shield (worn)
 j - a +0 cloak (worn)
Jewellery
 i - an amulet of the gourmand (around neck)
 s - a ring of fire (right hand)
 z - a ring of poison resistance (left hand)
Wands
 d - a wand of paralysis (10)
 q - a wand of polymorph (7)
 r - a wand of random effects (31)
Scrolls
 e - 3 scrolls of amnesia
 h - a scroll of enchant armour
 k - 2 scrolls of identify
 l - 6 scrolls of remove curse
 m - a scroll of blinking
 n - 4 scrolls of fog
 y - a scroll of enchant weapon
Potions
 g - 5 potions of flight
 p - a potion of brilliance
 t - a potion of might
 u - a potion of haste
 v - a potion of curing
 x - a potion of ambrosia
Comestibles
 f - 11 rations


   Skills:
 * Level 12.8 Fighting
 + Level 9.6 Axes
 - Level 3.6 Armour
 - Level 8.0 Shields
 + Level 4.5 Invocations


You had 9 spell levels left.
You didn't know any spells.
Your spell library was empty.

Dungeon Overview and Level Annotations

Branches:
Dungeon (9/15)             Temple (1/1) D:7            Lair (0/6) D:9
    Orc: D:9-12

Altars:
Ashenzari
Cheibriados
Elyvilon
Gozag
Hepliaklqana
Kikubaaqudgha
Makhleb
Okawaru
Ru
Sif Muna
Uskayaw
The Shining One

Annotations:
D:5 2 transporters, chromaticdragonking's ghost, novice BaFi


Innate Abilities, Weirdness & Mutations

You reflexively headbutt those who attack you in melee.
You have a pair of horns on your head.


Message History

The hippogriff claws you but does no damage.
The yak gores you.
* * * LOW HITPOINT WARNING * * *
The crocodile bites you but does no damage.
The hippogriff bites you.
* * * LOW HITPOINT WARNING * * *
The hippogriff pecks you.
* * * LOW HITPOINT WARNING * * *
The hippogriff claws you but does no damage.
The yak gores you!
* * * LOW HITPOINT WARNING * * *
The crocodile completely misses you. The hippogriff bites you.
* * * LOW HITPOINT WARNING * * *
The hippogriff pecks you but does no damage.
The hippogriff claws you but does no damage.
The yak gores you!
* * * LOW HITPOINT WARNING * * *
The crocodile bites you but does no damage.
The hippogriff bites you!
You die...

../..#†#....### ............
.....#.#....# ............
..>..#.#....# ##.....####...
####'#.#....# ##.........##...
.......##...# ##..P........####
........#...#####..P..........#..
........#..............>.........
........#......tYHl.......P......
........#.......@#..P........##..
......###........##$...... ###.
......#..........# ##.....####.'.
.######..........# ...#......#.
.# ........^..# ..#......#. .#
...........# .#......+. ##
...........######.#...<..## .
................# #........ .
########(.............#####


You could see a hippogriff, a yak, a basilisk and a crocodile.

Vanquished Creatures
  2 two-headed ogres
  2 water moccasins
  An orc warrior (D:9)
  An ice beast (D:9)
  6 ogres
  2 phantoms
  2 centaurs
  A crocodile (D:7)
  3 bullfrogs
  4 scorpions
  A wyvern skeleton (D:8)
  6 killer bees (D:8)
  5 howler monkeys
  3 wights (D:9)
  4 crimson imps
  A bullfrog zombie (D:8)
  2 hounds
  A jelly (D:8)
  7 orc priests
  A bullfrog skeleton (D:9)
  2 centaur skeletons
  13 orc wizards
  Jessica (D:2)
  5 worker ants
  2 hound skeletons
  12 adders
  4 gnolls (D:3)
  3 shadow imps
  5 oozes
  An adder skeleton (D:4)
  3 worms
  2 dart slugs (D:1)
  5 leopard geckos
  35 orcs
  5 giant cockroaches
  5 goblins
  6 hobgoblins
  15 jackals
  5 kobolds
  2 quokkas
  A ball python (D:1)
  7 bats
  5 frilled lizards
  A goblin skeleton (D:5)
  A goblin zombie (D:5)
  A hobgoblin zombie (D:5)
  2 kobold zombies (D:5)
  An orc skeleton (D:5)
  5 rats
210 creatures vanquished.

Vanquished Creatures (others)
  A fungus (D:9)
1 creature vanquished.

Grand Total: 211 creatures vanquished

Notes
Turn   | Place    | Note
-------+----------+-------------------------------------------
     0 | D:1      | wolfsongas the Minotaur Fighter began the quest for the
                  | Orb.
     0 | D:1      | Reached XP level 1. HP: 19/19 MP: 0/0
    87 | D:1      | Reached XP level 2. HP: 22/27 MP: 1/1
   145 | D:1      | Reached skill level 4 in Fighting
   234 | D:1      | Reached XP level 3. HP: 33/33 MP: 2/2
   876 | D:2      | Noticed Jessica
   878 | D:2      | Killed Jessica
   878 | D:2      | Reached XP level 4. HP: 41/41 MP: 3/3
  1217 | D:3      | Reached skill level 5 in Fighting
  1217 | D:3      | Reached XP level 5. HP: 28/48 MP: 4/4
  2088 | D:3      | Reached skill level 5 in Shields
  2130 | D:3      | Reached XP level 6. HP: 56/57 MP: 5/5
  2259 | D:4      | Reached skill level 6 in Fighting
  2265 | D:4      | Reached skill level 5 in Axes
  2740 | D:4      | Noticed a two-headed ogre
  2758 | D:4      | Reached XP level 7. HP: 21/64 MP: 6/6
  3068 | D:4      | Reached skill level 7 in Fighting
  3143 | D:4      | Killed a two-headed ogre
  3143 | D:4      | Reached skill level 8 in Fighting
  3143 | D:4      | Reached XP level 8. HP: 60/77 MP: 7/7
  3226 | D:4      | Reached skill level 9 in Fighting
  3474 | D:5      | Entered Level 5 of the Dungeon
  3812 | D:5      | Found a transporter.
  3812 | D:5      | Noticed chromaticdragonking's ghost (novice BaFi)
  3817 | D:5      | Found a transporter.
  3939 | D:5      | Found a glowing golden altar of the Shining One.
  4023 | D:5      | Reached skill level 10 in Fighting
  4546 | D:6      | Found Yfipaxt's General Store.
  5062 | D:7      | Reached XP level 9. HP: 78/86 MP: 8/8
  5240 | D:7      | Found a staircase to the Ecumenical Temple.
  5257 | Temple   | Entered the Ecumenical Temple
  5269 | Temple   | Became a worshipper of Makhleb the Destroyer
  5615 | D:7      | Reached skill level 1 in Invocations
  5816 | D:8      | Reached skill level 11 in Fighting
  6040 | D:8      | Reached * piety under Makhleb
  6888 | D:9      | Reached skill level 12 in Fighting
  7142 | D:9      | Reached XP level 10. HP: 75/97 MP: 11/11
  7375 | D:9      | Noticed a two-headed ogre
  7378 | D:9      | Reached ** piety under Makhleb
  7391 | D:9      | Killed a two-headed ogre
  7819 | D:9      | Noticed a +0 hand axe
  7820 | D:9      | Found a hide-covered altar of Uskayaw.
  7820 | D:9      | Noticed a +0 dagger
  7931 | D:9      | Found a staircase to the Lair.
  7948 | D:9      | HP: 3/100 [yak (7)]
  7949 | D:9      | Slain by a hippogriff

Skill      XL: |  1  2  3  4  5  6  7  8  9 10 |
---------------+-------------------------------+-----
Axes           | 3 4 5 6 7 9 |  9.6
Fighting       | 4 5 6 8 10 12 | 12.8
Shields        | 4 5 6 7 8 |  8.0
Invocations    | 3 4 |  4.5
Armour         | |  3.6

Action                   |  1- 3 |  4- 6 |  7- 9 | 10-12 || total
-------------------------+-------+-------+-------+-------++-------
Melee: War axe           |    80 |   149 |   321 |    59 ||   609
       Headbutt          |    10 |    20 |    69 |     8 ||   107
  Use: Scroll            |     2 |     9 |     5 |     1 ||    17
       Potion            |       |     6 |     6 |       ||    12
  Eat: Ration            |       |     2 |     4 |       ||     6
       Chunk             |       |       |     3 |       ||     3
Armor: Scale mail        |    31 |    63 |    71 |    37 ||   202
Dodge: Dodged            |    24 |    46 |    81 |    17 ||   168
Block: Shield            |    40 |    95 |   214 |    35 ||   384
